 Dungeon Crawl Stone Soup version 0.30.1-11-g7821555f0a (webtiles) character file.

Game seed: 1506987812397869504

864 Groucho the Sneak (level 7, -5/32 HPs)
             Began as a Spriggan Earth Elementalist on Nov 20, 2023.
             Shot with a bolt by an orc warrior (20 damage)
             ... on level 6 of the Dungeon.
             The game lasted 00:13:41 (7555 turns).

Groucho the Sneak (Spriggan Earth Elementalist)     Turns: 7555, Time: 00:13:41

Health: -5/32      AC:  2    Str:  4    XL:     7   Next: 72%
Magic:  13/16      EV: 20    Int: 18    God:
Gold:   234        SH:  0    Dex: 16    Spells: 10/16 levels left

rFire   . . .        v - staff of conjuration
rCold   . . .        (shield currently unavailable)
rNeg    . . .        a - +0 robe
rPois   .            (helmet restricted)
rElec   .            (no cloak)
rCorr   .            (gloves unavailable)
SInv    +            (boots unavailable)
Will    +....        (no amulet)
Stlth   +++          k - +4 ring of slaying
HPRegen 0.25/turn    (no ring)
MPRegen 0.15/turn

%: no passive effects
@: very quick
A: very small, no large weapons, unfitting armour, see invisible, speed 3
a: no special abilities


You were on level 6 of the Dungeon.
You visited 1 branch of the dungeon, and saw 6 of its levels.

You collected 234 gold pieces.

Inventory:

Armour
 a - a +0 robe (worn)
Magical Staves
 v - a staff of conjuration (weapon)
Jewellery
 k - a +4 ring of slaying (left hand)
 w - an amulet of magic regeneration
Wands
 n - a wand of flame (18)
Scrolls
 c - a scroll of brand weapon {unknown}
 d - a scroll of teleportation {unknown}
 e - a scroll of fear {unknown}
 g - 4 scrolls of identify {unknown}
 i - 2 scrolls of noise {unknown}
 j - a scroll of fog {unknown}
 m - 2 scrolls of amnesia {unknown}
 o - a scroll of immolation {unknown}
 q - a scroll of butterflies {unknown}
 t - a scroll of blinking {unknown}
Potions
 b - a potion of magic
 f - a potion of lignification {unknown}
 h - 2 potions of curing {unknown}
 l - 2 potions of heal wounds {unknown}
 p - 3 potions of mutation {unknown}
 r - a potion of might {unknown}
 s - 3 potions of resistance
 u - a potion of attraction {unknown}


   Skills:
 + Level 5.7 Dodging
 + Level 6.8 Stealth
 + Level 5.3 Spellcasting
 + Level 2.6 Conjurations
 - Level 1.3 Transmutations
 + Level 4.4 Earth Magic


You had 10 spell levels left.
You knew the following spells:

 Your Spells              Type           Power      Damage    Failure   Level
a - Sandblast             Erth           40%        2d10      1%          1
b - Passwall              Tmut/Erth      12%        N/A       6%          2
c - Stone Arrow           Conj/Erth      52%        3d10      9%          3

Your spell library contained the following spells:

 Spells                   Type           Power      Damage    Failure   Level
 Cigotuvi's Dreadful Rot  Necr/Pois/Air  8%         N/A       19%         2
 Ignite Poison            Fire/Tmut/Pois 6%         N/A       32%         3
 Petrify                  Tmut/Erth      15%        N/A       36%         4
 Sticky Flame             Conj/Fire      14%        2d4       58%         4
 Dispel Undead            Necr           4%         3d7       77%         4
 Death Channel            Necr           2%         N/A       100%        6
 Ignition                 Fire           2%         3d3       100%        8


Dungeon Overview and Level Annotations

Branches:
Dungeon (6/15)
 Temple: D:4-7

Altars:
Trog

Shops:
D:2 :   D:5 :

Annotations:
D:1 Terence


Innate Abilities, Weirdness & Mutations

You are very small and have problems with some larger weapons.
You are too small for most types of armour.
You have supernaturally acute eyesight. (SInv)
You cover ground extremely quickly. (Speed+++)


Message History

There is an open door here.
You see here 7 stones.
You see here 7 stones.
Done exploring.
Done exploring.
There is a shaft here.
You see here 5 poisoned darts.
You see here a +0 club.
There is a stone staircase leading down here.
You climb downwards.
There is a stone staircase leading up here.
An orc wizard comes into view. It is wielding a +0 dagger.
The orc wizard shouts!
You hear a shout!
An orc comes into view. It is wielding a +0 short sword.
The orc wizard gestures at you while chanting.
The puff of flame hits you!
The orc moves out of view.
You hear a shout!
Found a scroll labelled RUICEDGH SAZI.
The orc wizard gestures at you while chanting.
The magic dart hits you!
You are too injured to fight recklessly!
Unknown command.
You are too injured to fight recklessly!
Unknown command.
An orc warrior comes into view. It is wielding a +0 scimitar.
Found Maxwell's Memoranda.
Casting: Sandblast (safe; 1% risk of failure)
Confirm with . or Enter, or press ? or * to list all spells.
The spell is quite dangerous to miscast (9% risk of failure)!
Continue anyway?
Aiming: Stone Arrow (quite dangerous; 9% risk of failure)
Press: ? - help, Shift-Dir - straight line, f - orc wizard
Aim: an orc wizard, wielding a +0 dagger and wearing a +0 robe (64% to hit)
You feel a surge of power!
The stone arrow hits the orc wizard!
You kill the orc wizard!
The orc warrior shouts!
An orc wizard comes into view. It is wielding a +0 dagger.
The orc warrior unwields a +0 scimitar.
The orc warrior wields a +0 arbalest.
The orc warrior shoots a bolt.
The bolt hits you!!
Ouch! That really hurt!
You die...

#....#.# #....#.#
#####....#.#####
...............## ##
####..#.##......# .
##.#.######..#.#####
#...#...##..#..o..o
##.............)..o
##.#.#....@...#
#.#######.#.## ..#
....# #### ##...#
.^..# ...?. ##....
.....


You could see an orc warrior, an orc wizard and an orc.

Vanquished Creatures
  2 black bears
  An ogre (D:5)
  A kobold brigand (D:4)
  A bullfrog (D:5)
  3 orc priests
  2 hounds (D:5)
  3 orc wizards
  An iguana (D:5)
  9 adders
  4 gnolls (D:4)
  A shadow imp (D:4)
  A white imp (D:5)
  An ufetubus (D:5)
  2 dart slugs
  10 orcs
  9 ball pythons
  9 endoplasms
  2 giant cockroaches (D:1)
  8 goblins
  7 hobgoblins
  3 jackals (D:2)
  4 quokkas
  A bat (D:1)
  6 frilled lizards
  8 kobolds
  4 rats
103 creatures vanquished.

Notes
Turn   | Place    | Note
-------+----------+-------------------------------------------
     0 | D:1      | Groucho the Spriggan Earth Elementalist began the quest for
                  | the Orb.
     0 | D:1      | Reached XP level 1. HP: 9/9 MP: 5/5
   159 | D:1      | Reached XP level 2. HP: 13/13 MP: 4/6
   802 | D:1      | Reached XP level 3. HP: 16/16 MP: 6/8
  1260 | D:2      | Noticed Terence
  1676 | D:2      | Learned a level 2 spell: Passwall
  1680 | D:2      | Learned a level 3 spell: Stone Arrow
  1753 | D:2      | Found Icaacef's Book Shop.
  1895 | D:2      | Reached skill level 4 in Stealth
  1895 | D:2      | Reached skill level 1 in Conjurations
  1974 | D:2      | Reached XP level 4. HP: 21/21 MP: 6/10
  3400 | D:4      | Reached XP level 5. HP: 13/24 MP: 6/11
  3914 | D:4      | Reached skill level 5 in Stealth
  4688 | D:5      | Entered Level 5 of the Dungeon
  4688 | D:5      | Noticed a black bear
  4722 | D:4      | Killed a black bear
  4723 | D:4      | Reached XP level 6. HP: 14/28 MP: 6/13
  5641 | D:5      | Found Ojafruli's Book Emporium.
  5930 | D:5      | Reached skill level 5 in Dodging
  5930 | D:5      | Reached XP level 7. HP: 28/32 MP: 9/15
  6007 | D:5      | Reached skill level 6 in Stealth
  6092 | D:5      | Found a bloodstained altar of Trog.
  6436 | D:5      | Reached skill level 5 in Spellcasting
  7555 | D:6      | Shot with a bolt by an orc warrior

Illustrated notes

Levels and vault maps discovered:
D:1:      minmay_arrival_stair_chambers, layout_loops_ring
D:2:      layout_rooms, serial_rivers, chequers_serial_rivers_large_a,
          chequers_serial_rivers_micro_c, chequers_serial_rivers_micro_e,
          chequers_serial_rivers_micro_d, chequers_serial_rivers_small_3,
          chequers_serial_rivers_large_b, serial_shops,
          nicolae_shop_rolling_square, uniq_terence
D:3:      layout_rooms
D:4:      layout_basic
D:5:      layout_cave_pools, mainiacjoe_overflow_concentric_impassable,
          serial_shops, nicolae_shop_window_shopping, nicolae_half_adder
D:6:      minmay_goblin_kobold_castle, layout_basic, uniq_duvessa

Skill      XL: |  1  2  3  4  5  6  7 |
---------------+----------------------+-----
Dodging        | 3 4 5 |  5.7
Spellcasting   | 3 4 5 |  5.3
Earth Magic    | 3 4 |  4.4
Stealth        | 4 5 6 |  6.8
Conjurations   | 1 2 |  2.6
Transmutations | |  1.3

Action                     |  1- 3 |  4- 6 |  7- 9 || total
---------------------------+-------+-------+-------++-------
   Cast: Sandblast         |    91 |   100 |    28 ||   219
         Passwall          |       |     1 |       ||     1
         Stone Arrow       |       |       |     6 ||     6
 Armour: Robe              |     3 |     2 |       ||     5
  Dodge: Dodged            |    21 |    58 |     7 ||    86
